 Dungeon Crawl Stone Soup version 0.31-a0-466-g98c9adc2b6 (webtiles) character file.

Game seed: 15178172303279643741

730 Zonian the Ruffian (level 7, 0/48 HPs)
             Began as an Octopode Shapeshifter on Aug 5, 2023.
             Was a Believer of Nemelex Xobeh.
             Slain by Duvessa
             ... wielding a +0 rapier
              (8 damage)
             ... on level 4 of the Dungeon.
             The game lasted 00:09:33 (5351 turns).

Zonian the Ruffian (Octopode Shapeshifter)          Turns: 5351, Time: 00:09:34

Health: 0/48       AC:  1    Str: 16    XL:     7   Next: 73%
Magic:  7/7        EV: 13    Int: 11    God:    Nemelex Xobeh [**....]
Gold:   264        SH:  0    Dex: 12    Spells: 6/6 levels left

rFire   . .          .
                       - Unarmed
rCold   + . .        (no shield)
rNeg    . . .        (helmet currently unavailable)
rPois   .            n - amulet of magic regeneration
rElec   .            q - ring of protection from cold
rCorr   .            (no ring)
SInv    .            (no ring)
Will    .....        (no ring)
Stlth   ++++         (no ring)
HPRegen 0.28/turn    (no ring)
MPRegen 0.50/turn    (no ring)
                     (no ring)

%: no passive effects
@: beast-form
A: beast (slay +3), almost no armour, amphibious, 8 rings, camouflage 1,
gelatinous body 1, (nimble swimmer 1), tentacles
a: Begin Untransformation, Renounce Religion, Draw Escape, Draw Destruction,
Draw Summoning


You were on level 4 of the Dungeon.
You worshipped Nemelex Xobeh.
Nemelex Xobeh was pleased with you.
You were a hulking beast.
You visited 1 branch of the dungeon, and saw 4 of its levels.
You also visited: Ossuary.

You collected 264 gold pieces.

Inventory:

Missiles
 j - 11 poisoned darts
Jewellery
 l - a ring of fire
 n - an amulet of magic regeneration (around mantle)
 q - a ring of protection from cold (left tentacle)
Talismans
 b - a beast talisman (active)
Wands
 m - a wand of roots (6)
Scrolls
 d - 2 scrolls of immolation
 h - 3 scrolls of teleportation
 o - a scroll of blinking
Potions
 a - a potion of enlightenment {unknown}
 c - 4 potions of haste
 e - 2 potions of invisibility
 f - a potion of magic
 g - 2 potions of curing
 k - 7 potions of lignification
 s - 2 potions of ambrosia
 t - a potion of heal wounds
 w - 2 potions of mutation {unknown}


   Skills:
 + Level 4.1 Fighting
 - Level 2.5 Dodging
 + Level 5.0 Stealth
 + Level 5.1 Unarmed Combat
 + Level 4.5 Shapeshifting


You had 6 spell levels left.
You didn't know any spells.
Your spell library contained the following spells:

 Spells                   Type           Power      Damage    Failure   Level
 Kiss of Death            Conj/Necr      0%         2d5       34%         1
 Slow                     Hex            0%         N/A       34%         1
 Sting                    Tmut/Pois      0%         1d3       34%         1
 Poisonous Vapours        Pois/Air       0%         N/A       47%         2
 Confusing Touch          Hex            0%         N/A       71%         3
 Vampiric Draining        Necr           0%         2d6       71%         3
 Dispel Undead            Necr           0%         3d6       98%         4
 Olgreb's Toxic Radiance  Pois           0%         N/A       98%         4


Dungeon Overview and Level Annotations

Branches:
Dungeon (4/15)            Ossuary (visited)
 Temple: D:4-7

Altars:
Nemelex Xobeh

Shops:
D:3 [

Annotations:
D:2 1 runed translucent door, Crazy Yiuf
D:3 Grinder
D:4 Duvessa


Innate Abilities, Weirdness & Mutations

You are a hulking beast.
Your limbs bulge with bestial killing power. (Slay +3)
You cannot wear most types of armour.
You are amphibious.
You can wear up to eight rings at the same time.
Your skin changes colour to match your surroundings (Stealth+).
Your rubbery body absorbs attacks. (AC +1, EV +1)
((You are camouflaged when in or above water. (Stealth+)))
You have tentacles for arms and can constrict up to eight enemies at once.


Message History

Dowan blinks free!
You tentacle-slap the scorpion. Your grab misses the scorpion.
The scorpion is lightly wounded.
Duvessa says, "When magic and the sword combine, nothing stands against them."
Duvessa hits you with a +0 rapier! The scorpion stings you.
Unknown command.
You draw a card...
You have drawn Wild Magic.
Duvessa shivers with cold!
Duvessa is drained!
The scorpion emits a flash of light!
Heat is drained from Dowan!
You feel a surge of magic. The scorpion closely misses you.
Duvessa barely misses you.
Unknown command.
You draw a card...
You have drawn Wild Magic.
Waves of light ripple over Duvessa's body.
Duvessa seems to slow down.
The wind whips around Dowan.
You kill Dowan!
Duvessa screams, "No!
How DARE you!"
Duvessa shakes off her lethargy.
Duvessa goes berserk!
The scorpion emits a flash of light.
You kill the scorpion!
You feel a surge of magic.
The deck of cards disappears without a trace.
Duvessa barely misses you.
Your Fighting skill increases to level 4!
Your Stealth skill increases to level 5!
Your Unarmed Combat skill increases to level 5!
You draw a card...
You have drawn the Pentagram.
The deck of cards glows slightly and disappears.
Duvessa hits you with a +0 rapier! x2
* * * LOW HITPOINT WARNING * * *
Unknown command.
You bludgeon Duvessa! You grab Duvessa.
Duvessa is heavily wounded.
You constrict Duvessa, but do no damage.
Duvessa barely misses you.
Your hell hound bites Duvessa.
You bludgeon Duvessa!
Duvessa is severely wounded.
You constrict Duvessa, but do no damage.
Duvessa hits you with a +0 rapier!
You die...
Your body disappears without a glow.

######## .......# *##########
.......# ########.........###
.......# #..................#
.......# #...4...........)#.#
.......######..................#
................he..........#..#
..........###....h.........##..#
.#<.......................###..#
.####.....###.?......#+..##.#..#
.# ####### ##########..##..#..#
.#####################.##...'..#
.................>......##..#.##
.################.###....##.#.#
.########### #.....#..#..###.#


You could see Duvessa (berserk, drained, ally target), a friendly ice devil
(summoned) and a friendly hell hound (summoned).

Vanquished Creatures
  2 scorpions (D:4)
  4 water moccasin zombies (Ossuary)
  Dowan (D:4)
  2 sleepcaps (D:4)
  Jessica (D:2)
  2 orc wizards (D:3)
  3 mummies
  6 adders
  An ufetubus (D:4)
  A worm (D:2)
  2 adder zombies (Ossuary)
  A dart slug (D:2)
  13 orcs
  6 bats
  6 endoplasms
  3 giant cockroaches
  5 gnoll zombies (Ossuary)
  11 goblins
  5 hobgoblins
  A jackal (D:4)
  5 quokkas
  4 ball pythons
  2 frilled lizards
  5 hobgoblin zombies (Ossuary)
  5 kobolds
  7 kobold zombies (Ossuary)
  4 orc zombies (Ossuary)
  5 rats
113 creatures vanquished.

Notes
Turn   | Place    | Note
-------+----------+-------------------------------------------
     0 | D:1      | Zonian the Octopode Shapeshifter began the quest for the
                  | Orb.
     0 | D:1      | Reached XP level 1. HP: 13/13 MP: 1/1
   168 | D:1      | Reached XP level 2. HP: 18/18 MP: 2/2
   822 | D:2      | Noticed Jessica
   827 | D:2      | Killed Jessica
   828 | D:2      | Reached XP level 3. HP: 17/24 MP: 3/3
  1087 | D:2      | Found a sparkling altar of Nemelex Xobeh.
  1122 | D:2      | Became a worshipper of Nemelex Xobeh the Trickster
  1362 | D:2      | Reached XP level 4. HP: 4/29 MP: 4/4
  1657 | D:2      | Reached skill level 1 in Stealth
  1755 | D:2      | Found a runed translucent door.
  1756 | D:2      | Noticed Crazy Yiuf
  2374 | D:3      | Reached * piety under Nemelex Xobeh
  2409 | D:3      | Reached XP level 5. HP: 23/35 MP: 5/5
  2864 | D:3      | Received a gift from Nemelex Xobeh
  2976 | D:3      | Found Owaaguxt's Antique Armour Shoppe.
  4228 | D:3      | Noticed Grinder
  4228 | D:3      | Paralysed by Grinder for 2 turns
  4280 | D:4      | Reached ** piety under Nemelex Xobeh
  4295 | D:4      | Reached XP level 6. HP: 20/42 MP: 6/6
  4579 | D:4      | Found a sand-covered staircase.
  4588 | Ossuary  | Entered an ossuary
  4874 | Ossuary  | Reached XP level 7. HP: 38/46 MP: 7/7
  4998 | D:4      | Noticed Duvessa
  5339 | D:4      | Noticed Dowan
  5348 | D:4      | Killed Dowan
  5349 | D:4      | Reached skill level 5 in Stealth
  5349 | D:4      | Reached skill level 5 in Unarmed Combat
  5351 | D:4      | Slain by Duvessa

Illustrated notes

Levels and vault maps discovered:
D:1:      heliophobic_arrival_ceremonial_halls, layout_loops_ring
D:2:      layout_basic, basic_altar, minmay_unequal, uniq_crazy_yiuf_cottage,
          uniq_jessica
D:3:      layout_basic, serial_shops, nicolae_shop_gibbet_a_chance,
          nrook_loot_triangle, uniq_grinder
D:4:      minmay_chambers_of_twos, layout_basic, gup_ossuary_entry_pyramid,
          uniq_duvessa

Skill      XL: |  1  2  3  4  5  6  7 |
---------------+----------------------+-----
Fighting       | 2 3 4 |  4.1
Stealth        | 1 3 4 5 |  5.0
Unarmed Combat | 4 5 |  5.1
Shapeshifting  | 4 |  4.5
Dodging        | |  2.5

Action                     |  1- 3 |  4- 6 |  7- 9 || total
---------------------------+-------+-------+-------++-------
  Melee: Unarmed           |    51 |   132 |    61 ||   244
         Tentacles         |    11 |    26 |    12 ||    49
         Constrict         |    11 |    39 |    19 ||    69
         Punch             |       |     2 |     3 ||     5
 Invoke: Draw Destruction  |       |       |     2 ||     2
         Draw Summoning    |       |       |     1 ||     1
    Use: Potion            |     1 |     4 |       ||     5
         Scroll            |       |    14 |     4 ||    18
   Stab: Sleeping          |     4 |     5 |     5 ||    14
         Distracted        |       |     1 |       ||     1
 Armour: Skin              |     3 |     8 |     1 ||    12
  Dodge: Dodged            |    21 |    56 |    33 ||   110

Table legend: (Time is in decaauts)
 A = Elapsed time spent in this place.
 B = Non-inter-level travel time spent in this place.
 C = Inter-level travel time spent in this place.
 D = Time resting spent in this place.
 E = Time spent auto-exploring this place.
 F = Levels seen in this place.
 G = Mean time per level.
                   A        B        C        D        E       F      G
               +--------+--------+--------+--------+--------+-----+--------+
         Total |   5332 |   5158 |    174 |   1924 |   2082 |   5 | 1066.4 |
       Dungeon |   4943 |   4769 |    174 |   1719 |   2082 |   4 | 1235.8 |
       Ossuary |    388 |    388 |      0 |    205 |      0 |   1 |  388.0 |
               +--------+--------+--------+--------+--------+-----+--------+

Top non-repeatable levels by time:
     D:2: 1796 daAuts
     D:3: 1673 daAuts
     D:1: 789 daAuts
     D:4: 684 daAuts
 Ossuary: 388 daAuts
